AoeStats
← Babygoodtaste

Yucatan

503240307Analyzed
4v4 RM · 2mo ago on Aug 30, 2026· 52m 23s· 8 players
Game mode
Random Map
Map size
Large (8 player)
Population
200
Speed
Normal
Resources
Standard
Victory
Conquest
Starting age
Dark Age
Ending age
Imperial Age
RankedLock teamsTeams togetherTeam positionsShared explorationLock speedFull tech treeHidden civsTurbo modeCheats
Victory
Defeat
🇮🇳 Byzantines · India
741
+18
🇬🇧 Tupi · United Kingdom
740
+18
🇮🇳 Byzantines · India
691
+20
🇮🇹 Huns · Italy
675
+21
vs
🇨🇦 Japanese · Canada
824
-21
🇹🇷 Vietnamese · Türkiye
796
-20
🇨🇱 Byzantines · Chile
780
-19
🇵🇱 Khmer · Poland
729
-40
red terror
14:01 Feudal Age
15:23 Wheelbarrow
14:36 Loom
15:28 Double-Bit Axe
15:42 Gold Mining
15:43 Horse Collar
23:51 Castle Age
22:08 Bloodlines
23:18 Stone Mining
26:31 Hand Cart
26:45 Bow Saw
27:21 Caravan
28:05 Gold Shaft Mining
28:07 Stone Shaft Mining
Babygoodtaste
11:02 Feudal Age
16:08 Castle Age
19:08 Fletching
19:41 Loom
19:44 Town Watch
26:10 Pikeman
29:00 Double-Bit Axe
29:58 Town Patrol
30:41 Wheelbarrow
30:38 Squires
33:16 Bloodlines
33:05 Bodkin Arrow
33:36 Bow Saw
33:14 Horse Collar
34:00 Stone Mining
35:17 Husbandry
35:19 Padded Archer Armor
36:21 Gold Mining
38:33 Thumb Ring
40:13 Gold Shaft Mining
40:09 Herbal Medicine
metinyus5
10:41 Feudal Age
11:31 Horse Collar
11:39 Double-Bit Axe
18:39 Castle Age
19:32 Wheelbarrow
18:42 Loom
18:43 Town Watch
22:42 Squires
22:27 Arson
23:51 Elite Skirmisher
26:48 Hand Cart
28:19 Fletching
28:30 Padded Archer Armor
28:23 Gold Mining
28:23 Stone Mining
28:45 Heavy Plow
29:24 Bow Saw
29:30 Pikeman
32:11 Crossbowman
35:21 Leather Archer Armor
35:17 Forging
35:07 Scale Mail Armor
35:13 Scale Barding Armor
35:05 Bodkin Arrow
36:37 Ballistics
37:04 Stone Shaft Mining
38:14 Chatras
40:12 Thumb Ring
41:40 Iron Casting
41:21 Chain Mail Armor
41:26 Chain Barding Armor
41:36 Treadmill Crane
43:25 Heated Shot
47:47 Imperial Age
47:50 Imperial Skirmisher
51:06 Bracer
51:36 Ring Archer Armor
fapastengames
8:19 Loom
16:03 Feudal Age
23:25 Castle Age
24:46 Wheelbarrow
24:01 Double-Bit Axe
23:58 Horse Collar
23:52 Pikeman
28:42 Forging
28:33 Scale Mail Armor
28:38 Scale Barding Armor
30:41 Hand Cart
31:04 Scale Mail Armor
31:10 Scale Barding Armor
31:05 Padded Archer Armor
30:55 Fletching
33:37 Heavy Plow
33:57 Bow Saw
36:06 Iron Casting
35:47 Chain Mail Armor
35:37 Scale Barding Armor
35:23 Fletching
38:51 Scale Barding Armor
39:02 Chain Mail Armor
40:30 Elite Skirmisher
41:16 Thumb Ring
41:28 Leather Archer Armor
41:10 Bodkin Arrow
44:49 Imperial Age
42:29 Caravan
44:03 Husbandry
44:57 Imperial Skirmisher
46:51 Heavy Camel Rider
Dean Filmore
5:21 Loom
12:39 Feudal Age
14:09 Double-Bit Axe
19:46 Castle Age
21:41 Fletching
21:38 Horse Collar
22:09 Bow Saw
21:59 Gold Mining
26:12 Bodkin Arrow
32:11 Ballistics
36:12 Imperial Age
34:17 Wheelbarrow
36:17 Padded Archer Armor
37:33 Bracer
37:49 Leather Archer Armor
40:03 Caravan
42:07 Ring Archer Armor
42:01 Curare
43:07 Elite Blackwood Archer
44:11 Conscription
filippo.nunnari
0:29 Loom
11:42 Feudal Age
12:11 Double-Bit Axe
12:08 Horse Collar
13:34 Town Watch
15:40 Wheelbarrow
18:07 Gold Mining
18:37 Stone Mining
21:54 Castle Age
21:30 Fletching
21:40 Padded Archer Armor
23:09 Bodkin Arrow
23:30 Leather Archer Armor
26:53 Bow Saw
28:46 Heavy Plow
29:55 Ballistics
32:13 Hand Cart
32:10 Marauders
32:52 Gold Shaft Mining
33:01 Thumb Ring
33:48 Caravan
36:27 Town Patrol
40:23 Imperial Age
40:19 Forging
40:14 Scale Barding Armor
42:27 Two-Man Saw
42:00 Parthian Tactics
41:01 Heavy Cavalry Archer
41:40 Murder Holes
41:56 Masonry
44:43 Coinage
44:23 Guilds
44:19 Bracer
44:55 Iron Casting
45:51 Conscription
46:06 Chain Barding Armor
48:08 Bloodlines
47:59 Husbandry
47:43 Elite Tarkan
47:52 Elite Skirmisher
49:35 Chemistry
49:08 Banking
49:48 Blast Furnace
49:30 Plate Barding Armor
52:15 Sappers
boomxboom
6:47 Loom
12:34 Feudal Age
13:25 Double-Bit Axe
19:59 Castle Age
21:29 Bow Saw
21:14 Stone Mining
24:04 Horse Collar
29:11 Wheelbarrow
30:04 Heavy Plow
33:31 Imperial Age
31:19 Hand Cart
34:58 Ballistics
35:41 Chemistry
34:41 Murder Holes
34:36 Treadmill Crane
34:58 Murder Holes
35:24 Man-at-Arms
35:50 Gambesons
36:33 Gold Mining
37:20 Stone Shaft Mining
37:48 Two-Man Saw
37:19 Crop Rotation
37:45 Conscription
36:47 Elite Cataphract
38:04 Hoardings
38:30 Gold Shaft Mining
38:34 Crossbowman
39:20 Thumb Ring
39:35 Padded Archer Armor
39:26 Fletching
39:10 Onager
39:59 Arbalester
43:11 Leather Archer Armor
42:51 Bodkin Arrow
51:45 Spies/Treason
viharsj27
12:58 Feudal Age
12:41 Loom
13:32 Double-Bit Axe
28:03 Castle Age
30:25 Bow Saw
39:09 Ballistics
42:23 Imperial Age
40:11 Pikeman
45:54 Two-Man Saw
Connection lost

Rejoining the realm…

Still unreachable

The connection could not be restored.

Session expired

The server has moved on; the page needs a fresh start.